 Dungeon Crawl Stone Soup version 0.31-a0-1499-ge0622b2318 (webtiles) character file.

Game seed: 1305634730304733186

1778697 freelancePsychic the Sorcerer (level 27, 215/215 HPs)
             Began as a Djinni Alchemist on Dec 29, 2023.
             Was the Champion of Wu Jian.
             Escaped with the Orb
             ... and 3 runes!
             The game lasted 02:38:47 (61527 turns).

freelancePsychic the Sorcerer (Djinni Alchemist)   Turns: 61527, Time: 02:38:48

Health: 215/215    AC: 23    Str:  8 (9)  XL:     27
Gold:   5296       EV: 27    Int: 42 (44) God:    Wu Jian [******] SH: 16 Dex: 25

rFire   + + .        y - staff of earth
rCold   + + +        I - +0 kite shield of the Six Friars {rF- Int+7 Dex+4}
rNeg    + . .        W - +5 faerie dragon scales {rElec Regen+ rCorr Int-4 Dex+3 Clar}
rPois   ∞            o - +2 helmet of Fortitude {rC+ Int+3}
rElec   +            P - +1 cloak
rCorr   +            U - +2 pair of gloves {Dex+3}
SInv    .            (boots unavailable)
Will    +++..        A - amulet of regeneration
Stlth   ++           T - ring of Pazerr {*Slow rC+++ rN+ Int+9 Stlth-}
HPRegen 2.95/turn    m - ring "Leathual" {rPois rC+ Will+ Str+2 Dex+3}
MPRegen 0.00/turn

%: slow self (1%), clarity
@: flying, studying Stealth
A: sickness immunity, fire resistance 3, cold vulnerability 2, float, innate
caster, HP casting, extra vitality 1, clumsy 2, deterioration 2, regeneration 1,
screaming 1, no potion heal 1
0: Orb of Zot
}: 3/15 runes: decaying, abyssal, gossamer
a: Renounce Religion, Wall Jump, Serpent's Lash, Heavenly Storm


You escaped.
You worshipped Wu Jian.
Wu Jian was exalted by your worship.
You visited 10 branches of the dungeon, and saw 49 of its levels.
You visited the Abyss 2 times.
You also visited: Trove, Bailey, Gauntlet and Ice Cave.

You collected 8618 gold pieces.
You spent 3322 gold pieces at shops.

Inventory:

Hand Weapons
 v - the +11 Singing Sword {sonic wave}
   (You found it on level 4 of the Vaults)
Armour
 o - the +2 helmet of Fortitude (worn) {rC+ Int+3}
   (You acquired it in a bailey)

   Int+3:     It affects your intelligence (+3).
   rC+:       It protects you from cold.
 I - the +0 kite shield of the Six Friars (worn) {rF- Int+7 Dex+4}
   (You took it off Asterion on level 1 of the Spider Nest)

   Int+7:     It affects your intelligence (+7).
   Dex+4:     It affects your dexterity (+4).
   rF-:       It makes you vulnerable to fire.
 J - the +7 tower shield of Elitism {Str+3}
   (You found it on level 3 of the Elven Halls)

   Str+3:     It affects your strength (+3).
 P - a +1 cloak (worn)
 U - a +2 pair of gloves of dexterity (worn)
 V - the +2 hat of the Hanged Man {Fly rElec rN+ rCorr}
   (You found it in a treasure trove)

   rElec:     It insulates you from electricity.
   rN+:       It protects you from negative energy.
   Fly:       It grants you flight.
   rCorr:     It protects you from acid and corrosion.
 W - the +5 faerie dragon scales (worn) {rElec Regen+ rCorr Int-4 Dex+3 Clar}
   (You took it off the Enchantress on level 3 of the Depths)

   Int-4:     It affects your intelligence (-4).
   Dex+3:     It affects your dexterity (+3).
   rElec:     It insulates you from electricity.
   Clar:      It protects you from confusion, rage, mesmerisation and fear.
   Regen+:    It increases your rate of health regeneration.
   rCorr:     It protects you from acid and corrosion.
Magical Staves
 y - a staff of earth (weapon)
Jewellery
 m - the ring "Leathual" (right hand) {rPois rC+ Will+ Str+2 Dex+3}
   (You found it on level 3 of the Swamp)

   [ring of willpower]

   Str+2:     It affects your strength (+2).
   Dex+3:     It affects your dexterity (+3).
   rC+:       It protects you from cold.
   rPois:     It protects you from poison Will+: It increases your willpower.
 A - an amulet of regeneration (around neck)
 L - a +6 ring of intelligence
 O - the ring "Huth" {Str+4 SInv}
   (You found it in a Gauntlet)

   [ring of see invisible]

   Str+4:     It affects your strength (+4).
   SInv:      It lets you see invisible.
 T - the ring of Pazerr (left hand) {*Slow rC+++ rN+ Int+9 Stlth-}
   (You found it in a Gauntlet)

   [ring of positive energy]

   Int+9:     It affects your intelligence (+9).
   rC+++:     It renders you almost immune to cold.
   rN+:       It protects you from negative energy.
   *Slow:     It may slow you when you take damage.
   Stlth-:    It makes you less stealthy.
Wands
 h - a wand of flame (86)
 i - a wand of polymorph (21)
 r - a wand of iceblast (77)
 w - a wand of digging (24)
 x - a wand of acid (40)
Scrolls
 a - 2 scrolls of butterflies
 c - 7 scrolls of poison
 d - 4 scrolls of torment
 f - 11 scrolls of noise
 j - 4 scrolls of revelation
 n - 11 scrolls of teleportation {@r4}
 p - 3 scrolls of silence
 E - 13 scrolls of vulnerability
 G - a scroll of blinking
 H - 4 scrolls of fog
 R - 3 scrolls of fear
 S - 24 scrolls of identify {@r1}
 X - 5 scrolls of brand weapon
 Y - a scroll of enchant armour
 Z - 6 scrolls of immolation
Potions
 b - 8 potions of might
 e - 5 potions of heal wounds {@q2}
 g - 13 potions of curing {@q1}
 k - 8 potions of berserk rage
 l - 10 potions of degeneration
 q - 4 potions of haste {@q3}
 s - 11 potions of enlightenment
 t - 9 potions of attraction
 u - 8 potions of lignification
 z - 6 potions of resistance
 B - 5 potions of invisibility
 C - 5 potions of cancellation
 D - 7 potions of brilliance
 F - 9 potions of ambrosia
 K - 4 potions of mutation
Miscellaneous
 M - a phial of floods
 N - a sack of spiders
 Q - a phantom mirror


   Skills:
 + Level 23.3 Fighting
 - Level 10.0 Short Blades
 - Level 10.1 Staves
 - Level 11.2 Armour
 * Level 20.8 Dodging
 - Level 14.8 Stealth
 - Level 15.7 Shields
 - Level 24.1 Spellcasting
 - Level 24.1 Conjurations
 - Level 24.1 Hexes
 - Level 24.1 Summonings
 - Level 24.1 Necromancy
 - Level 24.1 Translocations
 - Level 24.1 Fire Magic
 - Level 24.1 Ice Magic
 - Level 24.1 Air Magic
 - Level 24.1 Earth Magic
 - Level 24.1 Alchemy
 - Level 5.0 Evocations


You knew the following spells:

 Your Spells              Type           Power      Damage    Failure   Level
a - Orb of Destruction    Conj           65%        9d15      1%          7
b - Shatter               Erth           77%        3d56*     6%          9
c - Maxwell's Capacitive  Air            65%        ∞         1%          8
d - Summon Hydra          Summ           65%        N/A       1%          7
e - Sticky Flame          Fire/Alch      100%       2d15      0%          4
f - Apportation           Tloc           100%       N/A       0%          1
g - Sting                 Conj/Alch      100%       1d9       0%          1
h - Stone Arrow           Conj/Erth      100%       3d13      0%          3
i - Death Channel         Necr           65%        N/A       0%          6
j - Call Imp              Summ           100%       N/A       0%          2
k - Mercury Vapours       Alch/Air       100%       N/A       0%          2
l - Tukima's Dance        Hex            100%       N/A       0%          3
m - Conjure Ball Lightni  Conj/Air       65%        3x3d23    0%          6
n - Airstrike             Air            65%        2d(10-26) 0%          4
o - Mephitic Cloud        Conj/Alch/Air  100%       N/A       0%          3
p - Olgreb's Toxic Radia  Alch           100%       N/A       0%          4
q - Death's Door          Necr           65%        N/A       6%          9
r - Summon Mana Viper     Hex/Summ       100%       N/A       0%          5
Your spell library was empty.

Dungeon Overview and Level Annotations

Branches:
Dungeon (15/15)            Temple (0/1) D:5            Lair (5/5) D:11
  Swamp (4/4) Lair:3       Spider (4/4) Lair:3        Slime (0/5) Lair:4
    Orc (2/2) D:12            Elf (3/3) Orc:2        Vaults (4/5) D:13
  Crypt (3/3) Vaults:3       Tomb (0/3) Crypt:3      Depths (4/4) D:15
    Zot (5/5) Depths:4     Bailey (visited)           IceCv (visited)
Gauntlet (visited)

Altars:
Cheibriados
Wu Jian
Xom
Yredelemnul
Zin
Jiyva
Lugonu

Shops:
D:1 !   D:10 ?   Orc:2 :(*!   Elf:1 (*   Elf:2 ?   Elf:3 ?   Vaults:2 [=:*
Depths:1 ([   Depths:3 [(:(

Portals:
Hell: Depths:1 Depths:2 Depths:3 Depths:4
Abyss: Lair:5 Depths:3
Pandemonium: Depths:2
Ziggurat: Depths:2

Annotations:
Lair:4 exclusion: oklob plant
Elf:2 3 runed translucent doors
Elf:3 3 runed translucent doors
Vaults:2 1 runed translucent door, jasper's ghost, adept VSFi
Zot:2 1 transporter


Innate Abilities, Weirdness & Mutations

You are immune to sickness and miasma.
You are immune to poison.
Your flesh is almost immune to the effects of heat. (rF+++)
You are very vulnerable to cold. (rC--)
You float through the air rather than walking.
You learn spells naturally, not from books.
Your magical power is your life essence.
You have superior vitality. (+4 MHP)
You are very clumsy. (Dex -4)
Your body often deteriorates upon taking damage.
Your natural rate of healing is unusually fast.
You occasionally shout uncontrollably at your foes.
Potions are less effective at restoring your health.


Message History

The Hell Sentinel vaporises in an electric haze!
You kill the Hell Sentinel!
The Council accepts your kill.
Aiming: Orb of Destruction (mildly dangerous; 1% risk of failure)
Press: ? - help, Q - select action, (/) - cycle Shift-Dir - straight line, f - efreet
Aim: an efreet, wielding a +4 scimitar of flaming The efreet gestures at you.
The fireball explodes!
The fireball engulfs you. You resist.
The tree burns like a torch!
An Orb Guardian comes into view.
The Orb Guardian moves out of view.
Aiming: Orb of Destruction (mildly dangerous; 1% risk of failure)
Press: ? - help, Q - select action, (/) - cycle Shift-Dir - straight line, f/p - efreet
Aim: an efreet, wielding a +4 scimitar of flaming (ally target)
The orb of destruction hits the efreet!!!!
You blow up the efreet!
The Council accepts your kill.
Your orb of destruction hits a rock wall.
The Orb Guardian is engulfed in blazing flames.
There is a stone staircase leading up here.
The Orb Guardian is engulfed in blazing flames.
You fly upwards.
There is a stone staircase leading down here.
What level of the Dungeon? (default 1, ? - help)
A rust devil comes into view.
The rust devil moves out of view.
You see here a +0 dagger.
Casting: Orb of Destruction (mildly dangerous; 1% risk of failure)
Confirm with . or Enter, or press ? or * to list all spells.
You feel a surge of power!
The dungeon rumbles!
You kill the rust devil!
The Council accepts your kill.
Ka-crash!
What level of the Dungeon? (default 1, ? - help) HP restored.
There is a dry fountain here.
There is a staircase leading out of the dungeon here.
Unknown command.
You have escaped!

###......................####.
##...##.####.####.####.##...##.
###..###...##...##...##...###..#.
.##.## #.⌠.##.⌠.##.⌠.##.⌠.# ##.#.
.##)####...##...##...##...####.#.
.##...###.####.####.####.###...#.
###.⌠.###.####.####.####.###.⌠.#.
#........................)...#.
##.##.........@..........##.##.
#............................#. #
#.⌠.###.####.####.####.###.⌠.#. #
#...###.####.####.####.###...#. #
#.####...##...##...##...####.#. #
#.## #.⌠.##.⌠.##.⌠.##.⌠.# ##.#. #
#..###...##...##[..##...###..#. #
##....#.####.####.####.##...##. #
###......................####.


There were no monsters in sight!

Vanquished Creatures
  A dread lich (Zot:5)
  Tiamat (Zot:2)
  Khufu (Crypt:3)
  6 orbs of fire
  3 ancient liches
  2 juggernauts
  Sojobo (Crypt:3)
  Bai Suzhen (Spider:4)
  the Lernaean hydra (Swamp:4)
  4 Killer Klowns (Zot:5)
  2 curse toes (Zot:4)
  2 caustic shrikes (Depths:4)
  4 golden dragons
  the Enchantress (Depths:3)
  A bone dragon (Depths:4)
  A pandemonium lord (D:2)
  A profane servitor (Crypt:3)
  2 Tzitzimimeh
  2 doom hounds (Crypt:1)
  12 tentacled monstrosities
  5 electric golems
  A Hell Sentinel (D:2)
  Asterion (Spider:1)
  A lich (Crypt:3)
  28 Orb Guardians
  A deep elf blademaster (Elf:3)
  A sphinx (Vaults:2)
  Grunn (Crypt:1)
  4 quicksilver dragons
  9 death cobs
  2 deep elf master archers (Elf:3)
  A tentacled starspawn (Abyss:4)
  5 ancient champions
  3 tengu reavers
  A thorn hunter (Swamp:3)
  Agnes (Spider:3)
  Aizul (Elf:1)
  3 shadow dragons
  7 storm dragons
  10 draconian monks
  7 draconian shifters
  9 draconian knights
  8 vault wardens
  3 balrugs
  5 revenants
  3 frost giants
  5 deep elf sorcerers (Elf:3)
  7 protean progenitors
  2 ghost moths
  6 fire giants
  3 deep elf elementalists (Elf:3)
  12 draconian scorchers
  A curse skull (Crypt:1)
  A spectral juggernaut (Crypt:3)
  8 draconian stormcallers
  9 ghouls
  7 emperor scorpions
  13 ironbound preservers
  A cacodemon (Depths:3)
  7 draconian annihilators
  7 stone giants
  6 ironbound thunderhulks
  3 spriggan defenders (Depths:3)
  5 very ugly things
  2 angels
  3 demonspawn corrupters
  A reaper (Crypt:2)
  A demonspawn blood saint (Zot:1)
  5 vampire knights
  5 deep elf demonologists
  7 green draconians
  15 black draconians
  3 eleionomae
  7 bunyips
  3 war gargoyles
  4 deep elf annihilators
  10 deep elf death magi
  10 yellow draconians
  The ghost of BigPumpCobain the Brawler, a journeyman TrSh of Uskayaw (Lair:2)
  17 purple draconians
  13 red draconians
  11 white draconians
  A minotaur (Gauntlet)
  An eidolon (Crypt:2)
  3 spark wasps
  11 dire elephants
  6 fire dragons
  2 mummy priests (Crypt:3)
  2 green deaths
  5 entropy weavers
  4 ettins
  29 jiangshi
  Josephine (D:15)
  7 deep elf high priests
  2 shambling mangroves
  5 yaktaur captains
  A quicksilver dragon zombie (Crypt:2)
  6 great orbs of eyes
  A rakshasa (Depths:3)
  A hell beast (D:5)
  Erolcha (D:9)
  A peacekeeper (Vaults:3)
  A fenstrider witch zombie (Crypt:1)
  6 ice dragons
  A salamander tyrant (Depths:4)
  17 hydras
  6 vault guards
  7 spriggan air magi
  An ogre mage (D:10)
  A ghost crab (Swamp:4)
  7 boulder beetles
  3 catoblepae
  11 centaur warriors
  A radroach (Spider:2)
  A jorogumo (Spider:3)
  7 alligators
  20 ironbound frosthearts
  16 dancing weapons
  3 death knights
  6 two-headed ogres
  5 deep troll earth magi
  8 tengu warriors (Depths:3)
  A death scarab (Gauntlet)
  2 hell hogs
  2 demonic crawlers
  7 vampire magi
  A thrashing horror (Abyss:4)
  5 sun demons
  A spriggan berserker (Depths:2)
  A titan zombie (Crypt:1)
  15 deep elf knights
  3 orc high priests (Orc:2)
  A holy swine (Abyss:3)
  6 hell knights
  2 skysharks
  A salamander mystic (Depths:4)
  4 soul eaters
  A wretched star (Abyss:1)
  3 shadow wraiths (Crypt:3)
  A goliath frog (Swamp:3)
  2 iron trolls
  22 skeletal warriors
  A storm dragon skeleton (Crypt:1)
  A cherub (Zot:5)
  A spectral bunyip (Crypt:3)
  3 sea snakes (Zot:1)
  3 spriggan druids (Swamp:4)
  37 deep trolls
  2 shadow demons
  6 orb spiders
  3 spriggan simulacra
  2 flayed ghosts
  3 phantasmal warriors
  3 glowing orange brains
  16 swamp dragons
  An orange crystal statue (IceCv)
  9 deep elf archers
  A sun moth (Spider:2)
  2 bog bodies
  9 arcanists
  2 lindwurms
  20 deep elf zephyrmancers
  An iron dragon zombie (Crypt:1)
  5 necromancers
  6 steelbarb worms
  19 ironbound convokers
  Pikel (D:9)
  16 deep elf pyromancers
  8 orc knights
  6 orc sorcerers
  14 wolf spiders
  35 ugly things
  A meliai (shapeshifter) (D:14)
  5 cyclopes
  6 salamanders
  2 manticores
  32 moths of wrath
  3 will-o-the-wisps
  4 elephants
  3 kobold blastminers
  6 meliai
  2 black mambas
  A fire giant skeleton (Crypt:1)
  A spectral centaur (Crypt:3)
  A rust devil (D:1)
  An alligator snapping turtle zombie (Crypt:2)
  5 vault sentinels
  13 cane toads
  6 large abominations
  5 torpor snails
  2 gargoyles
  An unseen horror (D:11)
  An ice devil (D:15)
  An efreet (D:2)
  2 kobold demonologists (Bailey)
  An unseen horror zombie (Crypt:2)
  8 rime drakes
  4 freezing wraiths
  A komodo dragon (Lair:1)
  A black draconian skeleton (Crypt:1)
  10 yaktaurs
  A green draconian skeleton (Crypt:2)
  Psyche (D:9)
  3 tengu conjurers
  A bloated husk (Swamp:2)
  4 tyrant leeches
  7 guardian mummies (Crypt:3)
  6 trolls
  11 polar bears
  A wind drake (Zot:3)
  A hellwing (Abyss:3)
  An ettin zombie (Crypt:1)
  A wolf spider simulacrum (D:15)
  23 tarantellas
  12 dream sheep
  A polar bear (shapeshifter) (Lair:5)
  A raiju (Lair:5)
  9 hornets
  A tarantella zombie (Crypt:1)
  29 blink frogs
  Prince Ribbit (D:7)
  24 jumping spiders
  4 air elementals
  8 spriggans
  11 slime creatures
  5 shadows
  A vampire (D:14)
  3 ynoxinuls
  15 culicivoras
  3 small abominations
  3 water elementals
  8 wraiths
  4 wyverns
  44 yaks
  4 fire elementals
  4 basilisks
  3 steam dragons
  A neqoxec (D:12)
  A warg (D:15)
  8 vampire mosquitoes
  2 chaos spawn
  36 redbacks
  An alligator snapping turtle simulacrum (Crypt:1)
  14 swamp worms
  9 acid dragons
  10 water moccasins
  A demonspawn skeleton (Crypt:1)
  6 hell hounds
  12 laughing skulls
  32 orc warriors
  3 ice beasts
  9 swamp drakes
  4 black bears
  A manticore zombie (Crypt:1)
  7 ogres
  14 wolves
  18 centaurs
  A blink frog skeleton (Crypt:1)
  A lemure (D:9)
  2 phantoms
  3 weeping skulls (Crypt:3)
  2 kobold brigands
  A brain worm (Abyss:4)
  15 bullfrogs
  A gnoll sergeant (D:8)
  10 necrophages
  3 earth elementals
  An elf skeleton (Crypt:2)
  3 scorpions
  4 burial acolytes (Crypt:3)
  5 wights (D:9)
  16 killer bees
  14 electric eels
  A howler monkey (D:10)
  3 lava snakes (Lair:4)
  A centaur zombie (Crypt:1)
  2 quasits
  A bombardier beetle (D:5)
  12 hounds
  21 orc priests
  An iron imp (Abyss:2)
  2 jellies
  2 sleepcaps
  4 iguanas
  27 orc wizards
  6 hell rats
  A sky beast zombie (Crypt:2)
  A killer bee zombie (Crypt:2)
  An ogre zombie (Crypt:2)
  5 adders
  9 gnolls
  2 ribbon worms
  3 shadow imps
  A swamp drake skeleton (Crypt:1)
  A white imp (Abyss:3)
  4 ufetubi (D:5)
  An iguana zombie (Crypt:1)
  2 dart slugs
  86 orcs
  5 ball pythons
  6 bats (D:1)
  7 endoplasms
  3 giant cockroaches
  15 goblins
  9 hobgoblins
  7 jackals
  3 quokkas
  5 frilled lizards
  A hobgoblin skeleton (Crypt:2)
  19 kobolds
  6 rats
  A rat zombie (Crypt:2)
  16 aspiring fleshes
  A butterfly (Swamp:3)
  A starspawn tentacle (Abyss:4)
1890 creatures vanquished.

Vanquished Creatures (collateral kills)
  3 caustic shrikes (Depths:4)
  Arachne (Spider:4)
  A bone dragon (Crypt:3)
  A tentacled monstrosity (Abyss:3)
  Jorgrun (D:15)
  A titan (Vaults:4)
  2 sphinxes (Vaults:1)
  4 tengu reavers
  A storm dragon (Depths:4)
  2 fire giants (Depths:2)
  3 frost giants (Depths:2)
  5 emperor scorpions (Spider:4)
  6 vault wardens
  4 ghost moths
  An orc warlord (Vaults:2)
  5 ironbound preservers
  An angel (Abyss:3)
  2 formless jellyfish (Vaults:4)
  A ghoul (Vaults:3)
  An ironbound thunderhulk (Vaults:3)
  5 broodmothers
  A starflower (Abyss:3)
  8 very ugly things
  An ophan (Abyss:4)
  3 stone giants
  2 deep elf death magi
  10 dire elephants
  A vampire knight (Depths:2)
  An eleionoma (Swamp:1)
  3 war gargoyles
  3 bunyips
  A spark wasp (Spider:4)
  An ettin (D:15)
  2 fire dragons (Depths:2)
  2 entropy weavers
  5 vault guards
  A jiangshi (Crypt:2)
  4 yaktaur captains
  5 ice dragons
  A rakshasa (Depths:2)
  A hell beast (Depths:2)
  3 great orbs of eyes
  A spriggan air mage (Depths:3)
  2 hydras (Swamp:4)
  A peacekeeper (Vaults:4)
  A ghost crab (Swamp:4)
  5 ironbound frosthearts
  2 radroaches
  3 centaur warriors
  A boulder beetle (Vaults:4)
  A death knight (Crypt:3)
  A dancing weapon (Abyss:4)
  2 tengu warriors
  A hell hog (Depths:2)
  3 deep troll shamans
  3 deep troll earth magi
  A spriggan berserker (Depths:1)
  A death yak (Lair:3)
  4 demonic crawlers
  A vampire mage (Crypt:2)
  4 thrashing horrors (Lair:5)
  An occultist (Depths:2)
  7 hell knights
  A salamander mystic (Depths:3)
  A goliath frog (Swamp:1)
  3 skeletal warriors
  6 pharaoh ants
  2 orb spiders (Spider:2)
  3 swamp dragons
  21 deep trolls
  An iron troll (Depths:4)
  A spectral spark wasp (Depths:2)
  A quicksilver dragon simulacrum (Depths:2)
  2 orc knights (Orc:2)
  4 arcanists
  A bog body (Swamp:1)
  2 lindwurms (Vaults:3)
  3 deep elf archers
  7 harpies
  7 ironbound convokers
  3 deep elf zephyrmancers
  10 wolf spiders
  6 necromancers
  4 deep elf pyromancers
  A salamander (Depths:3)
  A manticore (D:14)
  24 ugly things
  3 large abominations
  3 elephants
  2 moths of wrath
  6 cane toads
  7 vault sentinels
  3 black mambas
  2 smoke demons
  3 torpor snails
  A kobold demonologist (D:13)
  3 komodo dragons
  10 yaktaurs
  A tormentor (Depths:2)
  3 rime drakes
  A tengu conjurer (Depths:2)
  A troll (D:11)
  11 tarantellas
  4 hornets (Swamp:1)
  2 tyrant leeches
  3 raiju (Abyss:2)
  8 blink frogs
  A dream sheep (Lair:5)
  A spectral dream sheep (Gauntlet)
  10 slime creatures
  6 culicivoras
  8 jumping spiders
  2 ynoxinuls (Lair:5)
  8 spriggans
  4 wraiths
  16 yaks
  A warg (D:11)
  2 basilisks
  16 redbacks
  2 vampire mosquitoes
  2 swamp worms
  8 small abominations (Lair:5)
  5 water moccasins
  3 orc warriors
  5 laughing skulls
  A centaur (D:14)
  2 ogres
  4 wolves (Lair:5)
  A kobold brigand (D:7)
  4 bullfrogs
  An earth elemental (Elf:1)
  An orc priest (D:12)
  A jelly (D:4)
  3 orc wizards
  4 hell rats
  An adder (D:4)
  8 orcs
  A ball python (D:4)
  A quokka (D:3)
  4 ball lightnings
485 creatures vanquished.

Vanquished Creatures (others)
  A draconian knight (Zot:1)
  An ironbound frostheart (IceCv)
  A skeletal warrior (Vaults:3)
  A salamander (Depths:3)
  A rime drake (IceCv)
  2 bloated husks
  A dancing weapon (D:8)
  A swamp drake (Swamp:1)
  99 ball lightnings
  6 foxfires (Swamp:1)
  2 starspawn tentacles (Abyss:4)
116 creatures vanquished.

Grand Total: 2491 creatures vanquished

Notes
Turn   | Place    | Note
-------+----------+-------------------------------------------
     0 | D:1      | freelancePsychic the Djinni Alchemist began the quest for
                  | the Orb.
     0 | D:1      | freelancePsychic set off with the following spells
                  | memorised: Sting, Mercury Vapours, Mephitic Cloud, Olgreb's
                  | Toxic Radiance, Sticky Flame.
     0 | D:1      | Reached XP level 1. HP: 15/15 MP: 0/0
   129 | D:1      | Found Ykhasag's Distillery.
   164 | D:1      | Reached XP level 2. HP: 17/22 MP: 0/0
   369 | D:1      | Reached skill level 1 in Fighting
   400 | D:1      | Found a faded altar of an unknown god.
   407 | D:1      | Prayed at the altar of an unknown god.
   407 | D:1      | Became a worshipper of the Wu Jian Council
   407 | D:1      | Reached * piety under Wu Jian
   434 | D:1      | Reached XP level 3. HP: 25/27 MP: 0/0
   434 | D:1      | Learned a level 1 spell: Apportation
  1095 | D:1      | Bought a potion of curing for 30 gold pieces
  1567 | D:2      | Reached XP level 4. HP: 31/33 MP: 0/0
  2092 | D:3      | Reached ** piety under Wu Jian
  2295 | D:3      | Reached XP level 5. HP: 33/38 MP: 0/0
  2295 | D:3      | Learned a level 2 spell: Call Imp
  3174 | D:4      | Noticed an ogre
  3190 | D:4      | Killed an ogre
  3191 | D:4      | Reached skill level 5 in Spellcasting
  3191 | D:4      | Reached skill level 5 in Conjurations
  3191 | D:4      | Reached skill level 5 in Hexes
  3191 | D:4      | Reached skill level 5 in Summonings
  3191 | D:4      | Reached skill level 5 in Necromancy
  3191 | D:4      | Reached skill level 5 in Translocations
  3191 | D:4      | Reached skill level 5 in Fire Magic
  3191 | D:4      | Reached skill level 5 in Ice Magic
  3191 | D:4      | Reached skill level 5 in Air Magic
  3191 | D:4      | Reached skill level 5 in Earth Magic
  3191 | D:4      | Reached skill level 5 in Alchemy
  3191 | D:4      | Reached XP level 6. HP: 11/46 MP: 0/0
  3640 | D:4      | Found a snail-covered altar of Cheibriados.
  4085 | D:4      | Reached XP level 7. HP: 50/50 MP: 0/0
  4085 | D:4      | Learned a level 3 spell: Stone Arrow
  4114 | D:5      | Entered Level 5 of the Dungeon
  4132 | D:5      | Reached skill level 1 in Short Blades
  4546 | D:1      | Bought a potion of might for 40 gold pieces
  4546 | D:1      | Bought a potion of haste for 100 gold pieces
  4546 | D:1      | Bought a potion of might for 40 gold pieces
  5014 | D:5      | Reached XP level 8. HP: 50/58 MP: 0/0
  5109 | D:5      | Found a staircase to the Ecumenical Temple.
  6056 | D:6      | Reached *** piety under Wu Jian
  6199 | D:6      | Reached XP level 9. HP: 39/64 MP: 0/0
  6199 | D:6      | Learned a level 3 spell: Tukima's Dance
  6249 | D:6      | Reached skill level 5 in Fighting
  7406 | D:7      | Noticed Prince Ribbit
  7436 | D:7      | Found a flagged portal.
  7443 | Bailey   | Entered a bailey
  7560 | Bailey   | Reached XP level 10. HP: 64/72 MP: 0/0
  7573 | Bailey   | Reached skill level 5 in Stealth
  7594 | Bailey   | Reached **** piety under Wu Jian
  7832 | Bailey   | Noticed an orc knight
  7968 | Bailey   | Killed an orc knight
  7969 | Bailey   | Reached skill level 5 in Short Blades
  8089 | Bailey   | Noticed a kobold demonologist
  8105 | Bailey   | Killed a kobold demonologist
  8486 | Bailey   | Found an iron altar of Okawaru.
  8486 | Bailey   | Noticed a kobold demonologist
  8489 | Bailey   | Noticed a rust devil
  8507 | Bailey   | Killed a kobold demonologist
  8903 | Bailey   | Acquired the +2 helmet of Fortitude {rC+ Int+3}
  9271 | D:7      | Killed Prince Ribbit
  9461 | D:8      | Noticed a cyclops
  9574 | D:8      | Found a basalt altar of Yredelemnul.
  9701 | D:8      | Noticed a two-headed ogre
  9716 | D:8      | Killed a two-headed ogre
  9717 | D:8      | Reached XP level 11. HP: 73/79 MP: 0/0
  9717 | D:8      | Learned a level 4 spell: Airstrike
 10168 | D:8      | Killed a cyclops
 10623 | D:9      | Noticed Erolcha
 10627 | D:9      | Killed Erolcha
 10811 | D:9      | Reached ***** piety under Wu Jian
 10959 | D:9      | Noticed Psyche
 10961 | D:9      | Killed Psyche
 11138 | D:9      | Noticed Pikel
 11148 | D:9      | Killed Pikel
 11441 | D:10     | Entered Level 10 of the Dungeon
 11612 | D:10     | Noticed a two-headed ogre
 11623 | D:10     | Killed a two-headed ogre
 11695 | D:10     | Noticed a two-headed ogre
 11696 | D:10     | Killed a two-headed ogre
 11701 | D:10     | Noticed a boulder beetle
 11711 | D:10     | Killed a boulder beetle
 11712 | D:10     | Reached XP level 12. HP: 66/89 MP: 0/0
 11799 | D:10     | Noticed an ogre mage
 11814 | D:10     | Noticed a two-headed ogre
 11815 | D:10     | Killed an ogre mage
 11821 | D:10     | Killed a two-headed ogre
 11833 | D:10     | Noticed a two-headed ogre
 11834 | D:10     | Killed a two-headed ogre
 12141 | D:10     | Found Feok's Magic Scroll Shop.
 12484 | D:10     | Reached skill level 10 in Fighting
 12655 | D:10     | Noticed a centaur warrior
 12664 | D:10     | Killed a centaur warrior
 13070 | D:10     | Noticed a seven-headed hydra
 13070 | D:10     | Noticed a centaur warrior
 13083 | D:10     | Killed a seven-headed hydra
 13097 | D:10     | Killed a centaur warrior
 13886 | D:11     | Found a staircase to the Lair.
 13895 | D:11     | Reached XP level 13. HP: 65/97 MP: 0/0
 13895 | D:11     | Learned a level 5 spell: Summon Mana Viper
 14088 | D:11     | Reached skill level 10 in Spellcasting
 14088 | D:11     | Reached skill level 10 in Conjurations
 14088 | D:11     | Reached skill level 10 in Hexes
 14088 | D:11     | Reached skill level 10 in Summonings
 14088 | D:11     | Reached skill level 10 in Necromancy
 14088 | D:11     | Reached skill level 10 in Translocations
 14088 | D:11     | Reached skill level 10 in Fire Magic
 14088 | D:11     | Reached skill level 10 in Ice Magic
 14088 | D:11     | Reached skill level 10 in Air Magic
 14088 | D:11     | Reached skill level 10 in Earth Magic
 14088 | D:11     | Reached skill level 10 in Alchemy
 14246 | D:11     | Found a gate leading to a gauntlet.
 14253 | Gauntlet | Entered a Gauntlet
 14253 | Gauntlet | Found a transporter.
 14318 | Gauntlet | Found a transporter.
 14333 | Gauntlet | Found a transporter.
 14338 | Gauntlet | Found a transporter.
 14338 | Gauntlet | Noticed a blizzard demon
 14355 | Gauntlet | Found a transporter.
 14374 | Gauntlet | Found a transporter.
 14386 | Gauntlet | Found a transporter.
 14390 | Gauntlet | Noticed a ghost crab
 14404 | Gauntlet | Found a transporter.
 14410 | Gauntlet | Found a transporter.
 14418 | Gauntlet | Noticed a quicksilver ooze
 14419 | Gauntlet | Found a transporter.
 14431 | Gauntlet | Found a transporter.
 14437 | Gauntlet | Found a transporter.
 14437 | Gauntlet | Found a transporter.
 14476 | Gauntlet | Found a transporter.
 14503 | Gauntlet | Found a transporter.
 14523 | Gauntlet | Found a transporter.
 14631 | Gauntlet | Found a transporter.
 14712 | Gauntlet | Found a transporter.
 14783 | Gauntlet | Reached skill level 10 in Short Blades
 14799 | Gauntlet | Identified the ring "Huth" {Str+4 SInv}
 14856 | Gauntlet | Identified the amulet "Toex" {RegenMP rPois Str+3}
 14882 | Gauntlet | Noticed a minotaur
 14885 | Gauntlet | Killed a minotaur
 14936 | Gauntlet | Identified the +1 morningstar "Orb Guardian's Peril"
                  | {antimagic, Dex+5}
 14936 | Gauntlet | Identified the ring of Pazerr {*Slow rC+++ rN+ Int+9
                  | Stlth-}
 15328 | D:10     | Bought a scroll of acquirement for 624 gold pieces
 15328 | D:10     | Bought a scroll of enchant armour for 90 gold pieces
 15328 | D:10     | Acquired 767 gold pieces
 15403 | Lair:1   | Entered Level 1 of the Lair of Beasts
 15572 | Lair:1   | Reached skill level 1 in Shields
 16406 | Lair:1   | Reached ****** piety under Wu Jian
 16540 | Lair:2   | Reached XP level 14. HP: 100/108 MP: 0/0
 16665 | Lair:2   | Reached skill level 5 in Shields
 16823 | Lair:2   | Found a runed translucent door.
 16823 | Lair:2   | Found a shimmering altar of Xom.
 16823 | Lair:2   | Noticed BigPumpCobain's ghost (journeyman TrSh)
 17117 | Lair:2   | Reached skill level 5 in Dodging
 17563 | Lair:3   | Found a staircase to the Swamp.
 17655 | Lair:3   | Found a hole to the Spider Nest.
 18510 | Lair:4   | Found a viscous altar of Jiyva.
 18510 | Lair:4   | Found a staircase to the Slime Pits.
 18834 | Lair:4   | Reached XP level 15. HP: 99/117 MP: 0/0
 18834 | Lair:4   | Learned a level 6 spell: Death Channel
 19565 | Lair:5   | Entered Level 5 of the Lair of Beasts
 19660 | Lair:5   | Reached skill level 10 in Dodging
 20111 | Lair:5   | Reached skill level 15 in Fighting
 20589 | Lair:5   | Identified the +6 whip "Sigiymm" {elec, rPois}
 21466 | Lair:5   | Found a corrupted altar of Lugonu.
 21466 | Lair:5   | Found a one-way gate to the infinite horrors of the Abyss.
 21482 | Lair:5   | Identified the +5 short sword "Ollarph" {drain, Str+3
                  | Int+2}
 21925 | D:12     | Found a portal to a secret trove of treasure.
 22046 | D:12     | Found a staircase to the Orcish Mines.
 22218 | D:12     | Reached XP level 16. HP: 76/126 MP: 0/0
 22811 | Orc:1    | Entered Level 1 of the Orcish Mines
 23026 | Orc:2    | Entered Level 2 of the Orcish Mines
 23102 | Orc:2    | Found a staircase to the Elven Halls.
 23645 | Orc:2    | Found Nonyuw's Book Shoppe.
 23645 | Orc:2    | Found Lebopaa's Distillery.
 23647 | Orc:2    | Found Nueczyoh's General Store.
 23647 | Orc:2    | Found Geteq's Weapon Shoppe.
 23653 | Orc:2    | Bought a potion of heal wounds for 65 gold pieces
 23653 | Orc:2    | Bought a potion of cancellation for 104 gold pieces
 23653 | Orc:2    | Bought a potion of mutation for 104 gold pieces
 24094 | D:13     | Found a gate to the Vaults.
 25633 | D:15     | Entered Level 15 of the Dungeon
 25791 | D:15     | Noticed Josephine
 25795 | D:15     | Reached XP level 17. HP: 119/134 MP: 0/0
 25795 | D:15     | Learned a level 6 spell: Conjure Ball Lightning
 25801 | D:15     | Killed Josephine
 25857 | D:15     | Identified the +1 chain mail "Cowerh Zois" {rC+}
 25941 | D:15     | Noticed Jorgrun
 25955 | D:15     | Killed Jorgrun
 26633 | D:15     | Found a staircase to the Depths.
 26875 | Spider:1 | Entered Level 1 of the Spider Nest
 27231 | Spider:1 | Identified the +0 kite shield of the Six Friars {rF- Int+7
                  | Dex+4}
 27231 | Spider:1 | Noticed Asterion
 27584 | Spider:1 | Killed Asterion
 27827 | D:12     | You paid a toll of a +5 demon trident to enter a treasure
                  | trove
 27828 | Trove    | Entered a treasure trove
 27836 | Trove    | Identified the -1 pair of gloves of Wasted Space {Int+2}
 27838 | Trove    | Identified the ring of Gonellor {Fly rC+ Str+6 Slay-4
                  | Stlth+}
 27843 | Trove    | Identified the ring of Pis Laru {rC- Str+6 Int+2 Dex+2}
 27845 | Trove    | Identified the ring of Sobiun {Ice rN++ rCorr Str+3 Slay+2}
 27847 | Trove    | Identified the +2 hat of the Hanged Man {Fly rElec rN+
                  | rCorr}
 27848 | Trove    | Identified the ring of Duqahug {EV+5 Stlth+}
 28896 | Spider:2 | Reached XP level 18. HP: 119/143 MP: 0/0
 30012 | Spider:3 | Noticed Agnes
 30022 | Spider:3 | Killed Agnes
 30728 | Spider:4 | Entered Level 4 of the Spider Nest
 30730 | Spider:4 | Noticed Arachne
 30748 | Spider:4 | Killed Arachne
 30749 | Spider:4 | Reached skill level 15 in Dodging
 31021 | Spider:4 | Noticed Bai Suzhen
 31139 | Swamp:1  | Entered Level 1 of the Swamp
 31566 | Swamp:1  | Identified the +1 helmet of Cebbyn {Int+5}
 31835 | Swamp:2  | Reached skill level 15 in Spellcasting
 31835 | Swamp:2  | Reached skill level 15 in Conjurations
 31835 | Swamp:2  | Reached skill level 15 in Hexes
 31835 | Swamp:2  | Reached skill level 15 in Summonings
 31835 | Swamp:2  | Reached skill level 15 in Necromancy
 31835 | Swamp:2  | Reached skill level 15 in Translocations
 31835 | Swamp:2  | Reached skill level 15 in Fire Magic
 31835 | Swamp:2  | Reached skill level 15 in Ice Magic
 31835 | Swamp:2  | Reached skill level 15 in Air Magic
 31835 | Swamp:2  | Reached skill level 15 in Earth Magic
 31835 | Swamp:2  | Reached skill level 15 in Alchemy
 31903 | Swamp:2  | Reached XP level 19. HP: 138/150 MP: 0/0
 31903 | Swamp:2  | Learned a level 7 spell: Orb of Destruction
 32537 | Swamp:3  | Identified the ring "Leathual" {rPois rC+ Will+ Str+2
                  | Dex+3}
 32957 | Swamp:4  | Entered Level 4 of the Swamp
 33516 | Swamp:4  | Reached skill level 1 in Armour
 33840 | Swamp:4  | Noticed the 27-headed Lernaean hydra
 34078 | Swamp:4  | Killed the 27-headed Lernaean hydra
 34355 | Swamp:4  | Got a decaying rune of Zot
 34618 | Spider:4 | Killed Bai Suzhen
 35435 | Spider:4 | Reached XP level 20. HP: 104/158 MP: 0/0
 35453 | Spider:4 | Reached skill level 5 in Armour
 35479 | Spider:4 | Identified the scarf "Qinao" {rC+ rF+, Rampage Dex+3
                  | Stlth+}
 35515 | Spider:4 | Got a gossamer rune of Zot
 36027 | Elf:1    | Entered Level 1 of the Elven Halls
 36113 | Elf:1    | Paralysed by an air elemental for 1 turns
 36409 | Elf:1    | Paralysed by an air elemental for 1 turns
 36411 | Elf:1    | Paralysed by an air elemental for 1 turns
 36561 | Elf:1    | Identified the serpent talisman "Utirirull" {+Blink rF+
                  | rN++ Str-5}
 36561 | Elf:1    | Noticed Aizul
 36595 | Elf:1    | Killed Aizul
 36835 | Elf:1    | Found Wylin's Assorted Antiques.
 36839 | Elf:1    | Found Duic's Antique Weapon Boutique.
 36845 | Elf:1    | Bought a scroll of fog for 144 gold pieces
 37317 | Elf:2    | Found Ellaghen's Magic Scroll Emporium.
 37320 | Elf:2    | Bought a scroll of blinking for 90 gold pieces
 37320 | Elf:2    | Bought a scroll of blinking for 90 gold pieces
 37342 | Elf:2    | Paralysed by an air elemental for 1 turns
 37593 | Elf:2    | Found a runed translucent gate.
 37593 | Elf:2    | Found a runed translucent gate.
 37604 | Elf:2    | Found a runed translucent gate.
 37733 | Elf:3    | Entered Level 3 of the Elven Halls
 37743 | Elf:3    | Found Sirereda's Magic Scroll Boutique.
 37754 | Elf:3    | Found a runed translucent gate.
 37755 | Elf:3    | Found a runed translucent gate.
 37755 | Elf:3    | Found a runed translucent gate.
 37756 | Elf:3    | Bought a scroll of acquirement for 676 gold pieces
 37756 | Elf:3    | Bought a scroll of enchant armour for 97 gold pieces
 37757 | Elf:3    | Acquired a manual of Fighting
 37759 | Elf:3    | Noticed a tentacled monstrosity
 37760 | Elf:3    | Noticed a tentacled monstrosity
 37760 | Elf:3    | Noticed a tentacled monstrosity
 37784 | Elf:3    | Found a frozen archway.
 37794 | IceCv    | Entered an ice cave
 38081 | IceCv    | Reached XP level 21. HP: 133/167 MP: 0/0
 38081 | IceCv    | Learned a level 8 spell: Maxwell's Capacitive Coupling
 38139 | IceCv    | Identified the +2 pair of gloves of Xoron {rF+ rC- rN++
                  | Str+4}
 38615 | Elf:3    | Paralysed by an air elemental for 1 turns
 38631 | Elf:3    | Paralysed by an air elemental for 1 turns
 38827 | Elf:3    | Identified the ring "Wyblol" {rC+ rCorr}
 39195 | Elf:3    | Identified the +1 quarterstaff of the Original Sin {speed,
                  | Fly rPois rC+}
 39198 | Elf:3    | Identified the +6 morningstar of Sul Nimi {speed, Str+5}
 39425 | Elf:3    | Identified the +4 spear of Jonuemm {heavy, Int+3}
 39620 | Elf:3    | Identified the +1 plate armour of the Unstoppable Curses
                  | {Rampage Fly rPois Dex-2}
 39620 | Elf:3    | Identified the ring "Xoufuatu" {+Blink EV+5}
 39676 | Elf:3    | Found the +3 hat of Pondering {ponderous, Will+ MP+10
                  | Int+5}
 39690 | Elf:3    | Identified the +4 shortbow of Ignis's Displeasure {flame,
                  | rElec rF+ rC+ rN+}
 39694 | Elf:3    | Identified the +7 tower shield of Elitism {Str+3}
 40550 | Vaults:1 | Entered Level 1 of the Vaults
 41276 | Vaults:1 | Reached XP level 22. HP: 173/176 MP: 0/0
 42613 | Vaults:2 | Reached skill level 10 in Shields
 43108 | Vaults:2 | Found Girosh's General Store.
 43136 | Vaults:2 | Bought a potion of brilliance for 52 gold pieces
 43136 | Vaults:2 | Bought a scroll of teleportation for 39 gold pieces
 43136 | Vaults:2 | Bought a scroll of fog for 52 gold pieces
 43217 | Vaults:2 | Found Dezaasm's Book Emporium.
 43218 | Vaults:2 | Found Asahey's Jewellery Shoppe.
 43228 | Vaults:2 | Bought an amulet of regeneration for 570 gold pieces
 43301 | Vaults:2 | Found Dahoc's Antique Armour Shoppe.
 43733 | Vaults:2 | Reached XP level 23. HP: 119/182 MP: 0/0
 43733 | Vaults:2 | Learned a level 7 spell: Summon Hydra
 44196 | Vaults:2 | Found a runed translucent door.
 44204 | Vaults:2 | Noticed jasper's ghost (adept VSFi)
 44426 | Vaults:3 | Found a staircase to the Crypt.
 44478 | Vaults:3 | Identified the +9 great sword of Qoovuh {drain, rN+ Dex+3}
 45123 | Vaults:3 | You are sucked into a shaft and drop 1 floor!
 46273 | Vaults:4 | Found the +11 Singing Sword {sonic wave}
 46513 | Vaults:3 | Reached XP level 24. HP: 184/189 MP: 0/0
 46950 | Depths:1 | Entered Level 1 of the Depths
 47228 | Depths:1 | Found Vodghas's Antique Weapon Boutique.
 47247 | Depths:1 | Found a gateway to Hell.
 47602 | Depths:1 | Found a glowing silver altar of Zin.
 47709 | Depths:1 | Found Tokoyo's Dragon-Slaying Spoils.
 48219 | Depths:2 | Reached skill level 15 in Shields
 48492 | Depths:2 | Found a one-way gateway to a ziggurat.
 48991 | Depths:2 | Found a one-way gate leading to the halls of Pandemonium.
 49142 | Depths:3 | Noticed the Enchantress
 49167 | Depths:3 | Killed the Enchantress
 49495 | Depths:2 | Reached skill level 10 in Armour
 49639 | Depths:3 | Found Icupov's Weapon Emporium.
 49641 | Depths:3 | Found Nissom's Antique Weapon Emporium.
 49671 | Depths:3 | Found Heol's Book Emporium.
 49672 | Depths:3 | Found Mephu Veruxt's Antique Armour Emporium.
 49684 | Depths:3 | Bought an embroidered cloak for 315 gold pieces
 49770 | Depths:3 | Found a faded altar of an unknown god.
 49904 | Depths:3 | Acquired a manual of Stealth
 50271 | Depths:4 | Entered Level 4 of the Depths
 50271 | Depths:4 | Noticed a juggernaut
 50279 | Depths:3 | Reached skill level 1 in Staves
 50297 | Depths:4 | Noticed a caustic shrike
 50298 | Depths:4 | Noticed a caustic shrike
 50298 | Depths:4 | Noticed a caustic shrike
 50299 | Depths:4 | Noticed a caustic shrike
 50300 | Depths:4 | Noticed a caustic shrike
 50306 | Depths:4 | Killed a caustic shrike
 50308 | Depths:4 | Reached XP level 25. HP: 131/194 MP: 0/0
 50308 | Depths:4 | Learned a level 9 spell: Death's Door
 50308 | Depths:4 | Killed a caustic shrike
 50312 | Depths:4 | Killed a caustic shrike
 50418 | Depths:3 | Killed a juggernaut
 50631 | Depths:4 | Killed a caustic shrike
 50643 | Depths:4 | Killed a caustic shrike
 50683 | Depths:4 | Reached skill level 10 in Stealth
 51042 | Depths:4 | Found a gate to the Realm of Zot.
 51215 | Depths:4 | Reached skill level 5 in Staves
 51672 | Crypt:1  | Entered Level 1 of the Crypt
 52155 | Crypt:1  | Noticed Grunn
 52159 | Crypt:1  | Killed Grunn
 52654 | Crypt:2  | Reached XP level 26. HP: 146/202 MP: 0/0
 53340 | Crypt:3  | Entered Level 3 of the Crypt
 54018 | Crypt:3  | Noticed Sojobo
 54026 | Crypt:3  | Paralysed by an air elemental for 1 turns
 54032 | Crypt:3  | Paralysed by an air elemental for 1 turns
 54033 | Crypt:3  | Killed Sojobo
 54166 | Crypt:3  | Identified the +3 shortbow of Gozag's Felicitations {speed,
                  | rPois}
 54190 | Crypt:3  | Identified the +0 chain mail "Loril" {rCorr}
 54192 | Crypt:3  | Noticed Khufu
 54196 | Crypt:3  | Killed Khufu
 54383 | Crypt:3  | Identified the ring "Dohus" {rPois rF+ rN+ Str-3 Slay+3}
 54383 | Crypt:3  | Identified the ring of Symmetry {rF+ rC- rN+ Dex+5 Stlth+}
 54383 | Crypt:3  | Identified the ring "Fiomox" {rN+ Will++ Int+3}
 54566 | Crypt:3  | Identified the +5 ice dragon scales of Pytuzabb {rF- rC++
                  | Dex+6 SInv}
 54635 | Crypt:3  | Found a staircase to the Tomb.
 55068 | Depths:3 | Voluntarily entered the Abyss.
 55069 | Abyss:1  | Found a corrupted altar of Lugonu.
 55163 | Abyss:2  | Found a corrupted altar of Lugonu.
 55205 | Abyss:2  | Found a corrupted altar of Lugonu.
 55455 | Abyss:2  | Reached skill level 1 in Evocations
 55492 | Abyss:3  | Found a corrupted altar of Lugonu.
 55623 | Abyss:3  | Noticed an ancient lich
 55637 | Abyss:3  | Killed an ancient lich
 55658 | Depths:3 | Escaped the Abyss
 55663 | Depths:3 | Gained mutation: You are occasionally teleported next to
                  | monsters. [a cacodemon]
 55735 | Depths:3 | Lost mutation: You are occasionally teleported next to
                  | monsters. [potion of mutation]
 55735 | Depths:3 | Gained mutation: You are resistant to electric shocks.
                  | (rElec) [potion of mutation]
 55735 | Depths:3 | Gained mutation: You occasionally lose the ability to read
                  | scrolls when taking damage. [potion of mutation]
 55736 | Depths:3 | Lost mutation: You are resistant to electric shocks.
                  | (rElec) [potion of mutation]
 55736 | Depths:3 | Lost mutation: You occasionally lose the ability to read
                  | scrolls when taking damage. [potion of mutation]
 55736 | Depths:3 | Gained mutation: Your flesh is almost immune to the effects
                  | of heat. (rF+++) [potion of mutation]
 55736 | Depths:3 | Gained mutation: Your natural rate of healing is unusually
                  | fast. [potion of mutation]
 55739 | Depths:3 | Voluntarily entered the Abyss.
 55750 | Abyss:4  | Found a corrupted altar of Lugonu.
 55772 | Abyss:4  | Found a shimmering altar of Xom.
 55772 | Abyss:4  | Found a shimmering altar of Xom.
 55773 | Abyss:4  | Found a shimmering altar of Xom.
 55773 | Abyss:4  | Found a shimmering altar of Xom.
 55827 | Abyss:4  | Found a glowing golden altar of the Shining One.
 55827 | Abyss:4  | Noticed a juggernaut
 55838 | Abyss:4  | Got an abyssal rune of Zot
 55849 | Abyss:4  | Killed a juggernaut
 55875 | Depths:3 | Escaped the Abyss
 55943 | Zot:1    | Entered Level 1 of the Realm of Zot
 56012 | Zot:1    | Reached XP level 27. HP: 207/207 MP: 0/0
 56012 | Zot:1    | Learned a level 9 spell: Shatter
 56025 | Zot:1    | Reached skill level 10 in Staves
 56617 | Lair:2   | Killed BigPumpCobain's ghost
 56618 | Lair:2   | Reached skill level 5 in Evocations
 57830 | Zot:2    | Found the +4 dragonskin cloak
 57830 | Zot:2    | Noticed Tiamat
 57839 | Zot:2    | Killed Tiamat
 58238 | Zot:2    | Found a transporter.
 59831 | Zot:5    | Entered Level 5 of the Realm of Zot
 59846 | Zot:5    | Noticed an ancient lich
 59848 | Zot:5    | Killed an ancient lich
 59848 | Zot:5    | Noticed an orb of fire
 59849 | Zot:5    | Noticed an orb of fire
 59851 | Zot:5    | Gained mutation: You are very vulnerable to cold. (rC--)
                  | [an orb of fire]
 59851 | Zot:5    | Killed an orb of fire
 59853 | Zot:5    | Gained mutation: You are clumsy. (Dex -2) [an orb of fire]
 59854 | Zot:5    | Killed an orb of fire
 59866 | Zot:5    | Noticed an orb of fire
 59868 | Zot:5    | Gained mutation: Your body sometimes deteriorates upon
                  | taking damage. [an orb of fire]
 59872 | Zot:5    | Killed an orb of fire
 59940 | Zot:5    | Noticed a Killer Klown
 59945 | Zot:5    | Killed a Killer Klown
 59969 | Zot:5    | Noticed a Killer Klown
 59971 | Zot:5    | Killed a Killer Klown
 60010 | Zot:5    | Noticed a Killer Klown
 60013 | Zot:5    | Killed a Killer Klown
 60042 | Zot:5    | Noticed an orb of fire
 60043 | Zot:5    | Gained mutation: Your body often deteriorates upon taking
                  | damage. [an orb of fire]
 60045 | Zot:5    | Gained mutation: Potions are less effective at restoring
                  | your health. [an orb of fire]
 60046 | Zot:5    | Killed an orb of fire
 60086 | Zot:5    | Noticed an orb of fire
 60088 | Zot:5    | Noticed an orb of fire
 60088 | Zot:5    | Gained mutation: You occasionally shout uncontrollably at
                  | your foes. [an orb of fire]
 60090 | Zot:5    | Killed an orb of fire
 60094 | Zot:5    | Gained mutation: You are very clumsy. (Dex -4) [an orb of
                  | fire]
 60096 | Zot:4    | Killed an orb of fire
 60133 | Zot:5    | Noticed a dread lich
 60135 | Zot:5    | Killed a dread lich
 60139 | Zot:5    | Noticed an ancient lich
 60143 | Zot:5    | Killed an ancient lich
 60156 | Zot:5    | Noticed a Killer Klown
 60159 | Zot:5    | Killed a Killer Klown
 60781 | Zot:5    | Got the Orb of Zot
 60884 | Zot:3    | Noticed Uvyukh the pandemonium lord
 61126 | D:12     | Noticed Ejoaruac the pandemonium lord
 61189 | D:10     | Noticed Feshoh the pandemonium lord
 61209 | D:9      | Noticed Rougoogg the pandemonium lord
 61361 | D:2      | Noticed Efre the pandemonium lord
 61443 | D:2      | Killed Efre the pandemonium lord
 61527 | D:$      | Escaped with the Orb!

Illustrated notes

Levels and vault maps discovered:
D:1:      dpeg_arrival_chambers_temple_mockup, layout_basic, serial_shops, shop,
          ebering_ecumenical_altar_rust, minmay_pentomino_q2
D:2:      layout_basic, serial_park_tiny_2, guppyfry_early_lair_pool
D:3:      layout_loops_ring, serial_bayou, serial_bayou_shore_b,
          serial_bayou_shore_a, serial_bayou_pond_b, serial_bayou_shore_b,
          ebering_dispersal_statue_hall
D:4:      layout_loops_ring, cheibrodos_worm_habitat
D:5:      layout_basic, marbit_many_paths, minmay_temple_entry_drinking_statues
D:6:      layout_cave_pools
D:7:      layout_basic, enter_bailey_2, kennysheep_potato, uniq_prince_ribbit1
D:8:      layout_gridville, yredelemnul_forgotten_temple_becter, special_room
          [special_room_orc]
D:9:      layout_long_grid, uniq_pikel, uniq_psyche, uniq_erolcha
D:10:     minmay_the_grid_square_5x5_3x3 [minmay_the_grid_square_5x5_checkered,
          minmay_the_grid_square_5x5_one_wall,
          minmay_the_grid_square_5x5_longway,
          minmay_the_grid_square_5x5_moneybag,
          minmay_the_grid_square_5x5_megaprize_checkered,
          minmay_the_grid_square_5x5_fat_x, minmay_the_grid_square_5x5_bite,
          minmay_the_grid_square_5x5_inner_i,
          minmay_the_grid_square_5x5_misaligned], layout_gridville,
          serial_shops, shop, kennysheep_generic_room_3
D:11:     layout_loops_cross, erik_lair_orcish_takeover, gauntlet_entry_generic
D:12:     layout_stronghold, david_orc_4, enter_trove_0, minivault_27
D:13:     layout_loops_ring, erik_vaults_2, kennysheep_donut
D:14:     layout_small_grid, nrook_pool_corridor, corner_web_ring
D:15:     hellmonk_depths_entry_around_the_bend, layout_basic,
          nicolae_hexahallways, kiku_gazebo_garden_becter, uniq_josephine,
          uniq_jorgrun
Lair:1:   layout_hall_layers
Lair:2:   layout_cave_pods, ebering_ghost_xom, nicolae_lair_grazing_beasts
          [nicolae_sub_lair_graze_edge, nicolae_sub_lair_graze_edge,
          nicolae_sub_lair_graze_edge, nicolae_sub_lair_graze_edge],
          grunt_megastairs_4
Lair:3:   layout_chaotic_city, swamp_mist_pool, spider_nest_entry_webs,
          nzn_random_ring
Lair:4:   layout_cave_pods, slime_entry_1, nicolae_lair_liquid_snakes
Lair:5:   hellmonk_lair_end_abyssal_woods, layout_regular_city,
          guppyfry_lair_drakes, grunt_megastairs_2, infiniplex_staircase_pool
Swamp:1:  layout_falls_marsh, nicolae_swamp_ascending_descending
Swamp:2:  layout_falls_marsh, nicolae_swamp_small_spring
Swamp:3:  layout_falls_marsh, nicolae_swamp_little_tower, swamp_pool_1_2,
          nicolae_swamp_frolicking_bunyips
Swamp:4:  swamp_old_school, layout_basic_swamp
Spider:1: layout_spider_delve, uniq_asterion
Spider:2: nicolae_spider_hilbert_zone_7 [nicolae_spider_hilbert_4_sides_1_open,
          nicolae_spider_hilbert_4_sides_1_open,
          nicolae_spider_hilbert_4_sides_1_open,
          nicolae_spider_hilbert_4_sides_1_open,
          nicolae_spider_hilbert_3_sides_1_open,
          nicolae_spider_hilbert_3_sides_1_open,
          nicolae_spider_hilbert_3_sides_1_open,
          nicolae_spider_hilbert_3_sides_1_open,
          nicolae_spider_hilbert_4_sides_1_open,
          nicolae_spider_hilbert_4_sides_1_open,
          nicolae_spider_hilbert_4_sides_1_open,
          nicolae_spider_hilbert_2_sides_1_open,
          nicolae_spider_hilbert_2_sides_1_open,
          nicolae_spider_hilbert_2_sides_1_open,
          nicolae_spider_hilbert_2_sides_1_open,
          nicolae_spider_hilbert_2_sides_1_open,
          nicolae_spider_hilbert_2_sides_1_open]
Spider:3: layout_chambers, uniq_agnes
Spider:4: grunt_spider_rune_circles, drop_trap, uniq_bai_suzhen, uniq_arachne
Orc:1:    layout_diamond_mine, uniq_urug
Orc:2:    grunt_orc_tribal_feast, layout_diamond_mine
Elf:1:    minmay_elf_arrival_plus, layout_geoelf_grid, minmay_elf_annihilation,
          grunt_megastairs_5, minmay_shop_star, uniq_aizul
Elf:2:    elven_hall_of_blades_hangedman_original
          [nicolae_blade_entry_pointy_end], layout_geoelf_octagon, serial_shops,
          nicolae_shop_tiny_real_fake_doors
Elf:3:    minmay_elf_hall_curves, layout_geoelf_octagon,
          portal_ice_cave_entry_pillars_1,
          ploomutoo_gammafunk_ghost_potion_laboratory, serial_shops, shop
Vaults:1: nicolae_vaults_network_star, v_alt_pattern_4, v_misc_4,
          st_spiral_rooms, vaults_mumra_minichess_inversion,
          nicolae_vaults_two_Ls, ontoclasm_vaults_chip,
          nicolae_vaults_circle_grid_a, grunt_vaults_swirl,
          nicolae_vaults_storage_room_glass, nicolae_vaults_hexular_roomagon,
          ontoclasm_vaults_eye, nicolae_vaults_diagonal_hallway_7,
          nicolae_vaults_tangram_1, nicolae_vaults_two_Ls, layout_vaults_ring
Vaults:2: hellmonk_ghost_big_iron, hangedman_vaults_nodes,
          nicolae_vaults_stepped_doors, vaults_mumra_lcd,
          nicolae_vaults_border_crossing, vaults_standard_mumra_lines,
          v_pattern_5, hangedman_vaults_snaps,
          nicolae_vaults_storage_room_statues, v_misc_8,
          nicolae_vaults_minivaults, layout_vaults_maze_snakey, serial_shops,
          shop, nicolae_shop_gibbet_a_chance, nicolae_shop_tiny_statue_garden,
          shop
Vaults:3: vaults_standard_mumra_x, nicolae_vaults_closet_pinwheel_4,
          minmay_crypt_entry_simple_round, grunt_vaults_focal,
          nicolae_vaults_little_squares_2, nicolae_vaults_network_periphery,
          nicolae_vaults_house_3, vaults_room_hangedman_quadrants, v_rooms_1,
          layout_vaults_omnibox
Vaults:4: nicolae_vaults_tetromino_Z_1, nicolae_vaults_branching_niches,
          grunt_vaults_bifocal, nicolae_vaults_ring_of_whatevers,
          nicolae_vaults_house_2, nicolae_vaults_circle_grid_a, v_misc_33,
          hangedman_vaults_stitches, grunt_vaults_diagonal,
          nicolae_vaults_trapezoid_lopsided_2, vaults_mumra_hex,
          layout_vaults_omnigrid
Crypt:1:  layout_regular_city, uniq_grunn
Crypt:2:  layout_misc_corridors
Crypt:3:  grunt_crypt_end_deaths_head, uniq_sojobo
Depths:1: layout_gridlike, hell_entry, hangedman_abyss_or_decor_stabs,
          nicolae_inconvenience_store, nicolae_shop_dragon_depot, zin_statuary,
          firewood_loft
Depths:2: nicolae_BIG_FREAKIN_CUBE, layout_honeycomb, enter_ziggurat_e,
          nicolae_zig_zag_zippers, grunt_mini_vestibule, rand_demon_pan_entry_4,
          chequers_serial_rivers_micro_b, kennysheep_kite_vault
Depths:3: cheibrodos_birdhouse, layout_cave_pools,
          abyss_entry_small_statue_room, hell_entry, serial_column_ruins,
          column_ruins_temple_hall, column_ruins_hut_water, column_ruins_grid_3,
          column_ruins_columns_corner, column_ruins_grid_1,
          column_ruins_open_small, column_ruins_columns_T,
          column_ruins_corridor_T, minmay_shop_grid_forest,
          minmay_staircase_statues, uniq_enchantress
Depths:4: evilmike_zot_entry_diamond, layout_cave_pools, hellmouth_1,
          chequers_serial_rivers_large_b
Zot:1:    layout_basic, regret_index_zotdec_tunneler, grunt_megastairs_3
Zot:2:    layout_misc_corridors, nicolae_diode_basic, uniq_tiamat
Zot:3:    layout_onion, grunt_ministairs_2
Zot:4:    layout_basic, hangedman_zot_decor_checkerboard, st_stairs_14
Zot:5:    layout_basic, st_stairs_2, regret_index_zotdec_stipple_waver,
          grunt_ministairs_5

Skill      XL: |  1  2  3  4  5  6  7  8  9 10 11 12 13 14 15 16 17 18 19 20 21 22 23 24 25 26 27 |
---------------+----------------------------------------------------------------------------------+-----
Fighting       | 1 2 3 4 6 7 9 10 12 14 15 16 17 18 19 20 23 | 23.3
Spellcasting   | 4 5 6 7 8 9 10 11 12 13 15 16 17 18 19 20 21 22 24 | 24.1
Conjurations   | 4 5 6 7 8 9 10 11 12 13 15 16 17 18 19 20 21 22 24 | 24.1
Hexes          | 4 5 6 7 8 9 10 11 12 13 15 16 17 18 19 20 21 22 24 | 24.1
Summonings     | 4 5 6 7 8 9 10 11 12 13 15 16 17 18 19 20 21 22 24 | 24.1
Necromancy     | 4 5 6 7 8 9 10 11 12 13 15 16 17 18 19 20 21 22 24 | 24.1
Translocations | 4 5 6 7 8 9 10 11 12 13 15 16 17 18 19 20 21 22 24 | 24.1
Fire Magic     | 4 5 6 7 8 9 10 11 12 13 15 16 17 18 19 20 21 22 24 | 24.1
Ice Magic      | 4 5 6 7 8 9 10 11 12 13 15 16 17 18 19 20 21 22 24 | 24.1
Air Magic      | 4 5 6 7 8 9 10 11 12 13 15 16 17 18 19 20 21 22 24 | 24.1
Earth Magic    | 4 5 6 7 8 9 10 11 12 13 15 16 17 18 19 20 21 22 24 | 24.1
Alchemy        | 4 5 6 7 8 9 10 11 12 13 15 16 17 18 19 20 21 22 24 | 24.1
Short Blades   | 2 3 4 6 7 9 10 | 10.0
Stealth        | 2 3 4 6 8 12 14 | 14.8
Shields        | 4 6 8 11 14 15 | 15.7
Dodging        | 4 9 11 13 14 15 16 20 | 20.8
Armour         | 4 7 8 11 | 11.2
Staves         | 1 6 9 10 | 10.1
Evocations     | 3 5 |  5.0

Action                     |  1- 3 |  4- 6 |  7- 9 | 10-12 | 13-15 | 16-18 | 19-21 | 22-24 | 25-27 || total
---------------------------+-------+-------+-------+-------+-------+-------+-------+-------+-------++-------
  Melee: Unarmed           |     3 |       |       |       |       |       |       |       |       ||     3
         Dagger            |    70 |   106 |   166 |    69 |       |       |       |       |       ||   411
         Punch             |     1 |       |     5 |     7 |     3 |       |       |       |       ||    16
         Short sword       |       |       |       |   188 |   630 |   318 |   441 |       |       ||  1577
         Staff             |       |       |       |       |       |       |     3 |    84 |   135 ||   222
   Cast: Sting             |    55 |     3 |       |       |       |       |       |       |       ||    58
         Mercury Vapours   |    15 |    41 |    12 |       |       |       |       |       |       ||    68
         Call Imp          |       |     8 |     2 |       |       |       |       |       |       ||    10
         Mephitic Cloud    |       |     5 |    32 |    26 |    23 |     8 |       |       |       ||    94
         Stone Arrow       |       |       |    26 |       |       |    40 |    55 |     1 |     1 ||   123
         Sticky Flame      |       |       |    10 |     1 |    30 |     1 |     6 |     5 |       ||    53
         Olgreb's Toxic Ra |       |       |    10 |    57 |    96 |   163 |    92 |    18 |       ||   436
         Tukima's Dance    |       |       |     6 |     9 |       |     4 |       |       |       ||    19
         Airstrike         |       |       |       |    57 |   136 |   158 |       |       |       ||   351
         Summon Mana Viper |       |       |       |       |    36 |    39 |    21 |    35 |     2 ||   133
         Death Channel     |       |       |       |       |     8 |    47 |    29 |    35 |     3 ||   122
         Orb of Destructio |       |       |       |       |       |       |   214 |   143 |   234 ||   591
         Maxwell's Capacit |       |       |       |       |       |       |    55 |   108 |   147 ||   310
         Conjure Ball Ligh |       |       |       |       |       |       |       |     6 |    38 ||    44
         Summon Hydra      |       |       |       |       |       |       |       |   150 |    33 ||   183
         Death's Door      |       |       |       |       |       |       |       |       |     1 ||     1
         Shatter           |       |       |       |       |       |       |       |       |   205 ||   205
 Invoke: Serpent's Lash    |       |       |       |     6 |     5 |     7 |     5 |       |     2 ||    25
Ability: Lunge             |     4 |     9 |    18 |    24 |    36 |    23 |    15 |     3 |     6 ||   138
         Whirlwind         |       |     4 |    25 |    13 |    93 |    39 |    66 |    18 |    36 ||   294
  Evoke: Wand              |       |       |       |     1 |     1 |       |     2 |     1 |     2 ||     7
    Use: Scroll            |       |       |    15 |     6 |    17 |     6 |    11 |     6 |     9 ||    70
         Potion            |       |       |     6 |     2 |     5 |     1 |     6 |     3 |    15 ||    38
   Stab: Distracted        |       |     1 |       |       |     6 |    10 |     6 |     3 |     3 ||    29
         Confused          |       |     2 |    17 |    12 |    23 |    11 |       |       |       ||    65
         Sleeping          |       |       |     4 |    13 |    16 |     4 |       |     2 |       ||    39
         Petrified         |       |       |       |       |     4 |       |       |       |       ||     4
         Invisible         |       |       |       |       |       |       |     7 |     1 |       ||     8
 Armour: Robe              |    40 |       |       |       |       |       |       |       |       ||    40
         Leather armour    |       |    66 |    99 |   125 |     2 |       |       |       |       ||   292
         Troll leather arm |       |       |       |       |   279 |   195 |   313 |   332 |       ||  1119
         Acid dragon scale |       |       |       |       |       |       |       |    23 |   433 ||   456
  Dodge: Dodged            |    54 |    60 |   103 |    81 |   261 |   238 |   330 |   429 |   451 ||  2007
  Block: Other             |       |       |       |    19 |    13 |       |       |       |       ||    32
         Buckler           |       |       |       |       |   275 |   219 |   237 |    72 |       ||   803
         Reflection        |       |       |       |       |     8 |    11 |    26 |    12 |       ||    57
         Kite shield       |       |       |       |       |       |       |       |   329 |   509 ||   838

Table legend: (Time is in decaauts)
 A = Elapsed time spent in this place.
 B = Non-inter-level travel time spent in this place.
 C = Inter-level travel time spent in this place.
 D = Time resting spent in this place.
 E = Time spent auto-exploring this place.
 F = Levels seen in this place.
 G = Mean time per level.
                   A        B        C        D        E       F      G
               +--------+--------+--------+--------+--------+-----+--------+
         Total |  61001 |  54744 |   6257 |   2646 |  39942 |  58 | 1051.7 |
       Dungeon |  18658 |  16204 |   2454 |    691 |  12718 |  15 | 1243.9 |
          Lair |   6769 |   5876 |    893 |    481 |   4136 |   5 | 1353.8 |
         Swamp |   3439 |   3221 |    218 |     42 |   2591 |   4 |  859.8 |
   Spider Nest |   5114 |   4531 |    583 |     29 |   3476 |   4 | 1278.5 |
  Orcish Mines |   1190 |    963 |    227 |      0 |    722 |   2 |  595.0 |
   Elven Halls |   3335 |   3010 |    325 |     35 |   2235 |   3 | 1111.7 |
        Vaults |   6648 |   6250 |    398 |    129 |   4521 |   4 | 1662.0 |
         Crypt |   2974 |   2851 |    123 |    235 |   1856 |   3 |  991.3 |
        Depths |   4993 |   4282 |    711 |    231 |   3077 |   4 | 1248.2 |
           Zot |   4398 |   4078 |    320 |    360 |   2912 |   5 |  879.6 |
         Abyss |    683 |    683 |      0 |      0 |    207 |   5 |  136.6 |
         Trove |     51 |     51 |      0 |      0 |      0 |   1 |   51.0 |
        Bailey |   1464 |   1464 |      0 |    317 |    765 |   1 | 1464.0 |
      Ice Cave |    588 |    588 |      0 |      0 |    364 |   1 |  588.0 |
      Gauntlet |    691 |    691 |      0 |     95 |    359 |   1 |  691.0 |
               +--------+--------+--------+--------+--------+-----+--------+

Top non-repeatable levels by time:
    D:10: 2514 daAuts
Vaults:1: 2056 daAuts
  Lair:5: 1965 daAuts
Vaults:2: 1851 daAuts
    D:12: 1635 daAuts
     D:5: 1590 daAuts
   Elf:3: 1587 daAuts
Spider:2: 1543 daAuts
Spider:3: 1491 daAuts
  Bailey: 1464 daAuts
 Swamp:4: 1459 daAuts
Vaults:3: 1448 daAuts
Depths:1: 1402 daAuts
 Crypt:3: 1399 daAuts
   Zot:1: 1365 daAuts
